 Dungeon Crawl Stone Soup version 0.22-a0-161-g198051c (webtiles) character file.

405 b5mith the Poker (level 7, -2/54 HPs)
             Began as a Human Berserker on Feb 10, 2018.
             Was a Priest of Trog.
             Slain by a water moccasin (4 damage)
             ... on level 3 of the Dungeon.
             The game lasted 00:19:02 (3435 turns).

b5mith the Poker (Human Berserker)                  Turns: 3435, Time: 00:19:02

Health: -2/54      AC: 14    Str: 18    XL:     7   Next: 12%
Magic:  7/7        EV:  6    Int:  7    God:    Trog [***...]
Gold:   174        SH:  0    Dex: 14    Spells: 6/6 levels left

rFire    . . .     SeeInvis .   a - +0 spear
rCold    . . .     Gourm    .   (no shield)
rNeg     . . .     Faith    .   g - +2 plate armour
rPois    .         Spirit   .   (no helmet)
rElec    .         Reflect  .   (no cloak)
rCorr    +         Harm     .   (no gloves)
MR       .....                  e - +0 pair of boots
Stlth    ..........             t - amulet of magic regeneration
HPRegen  0.18/turn              k - ring of resist corrosion
MPRegen  0.35/turn              (no ring)

@: lethally poisoned (-2 -> -29), flying
A: no striking features
a: Berserk, Trog's Hand, Burn Spellbooks, Renounce Religion


You were on level 3 of the Dungeon.
You worshipped Trog.
Trog was most pleased with you.
You were not hungry.

You visited 1 branch of the dungeon, and saw 4 of its levels.

You collected 174 gold pieces.

Inventory:

Hand Weapons
 a - a +0 spear (weapon)
 j - a +0 hunting sling
 x - a +3 whip
 y - a +1 dagger of freezing
Missiles
 d - 86 stones (quivered)
 w - 3 tomahawks
Armour
 e - a +0 pair of boots (worn)
 g - a +2 plate armour (worn)
 s - a +0 pair of boots
Jewellery
 k - a ring of resist corrosion (left hand)
 t - an amulet of magic regeneration (around neck)
Scrolls
 b - a scroll of magic mapping
 f - a scroll of random uselessness {unknown}
 i - 2 scrolls of teleportation
 o - a scroll of fear {unknown}
 u - a scroll of enchant weapon {unknown}
 v - a scroll of identify
Potions
 c - a potion of curing {unknown}
 l - a potion of cancellation {unknown}
 m - a potion of magic {unknown}
 n - a potion of heal wounds
 q - a potion of lignification {unknown}
 r - a potion of ambrosia {unknown}
Comestibles
 p - a ration


   Skills:
 + Level 4.1 Fighting
 + Level 5.4 Polearms
 + Level 3.0 Throwing
 + Level 3.0 Armour
 + Level 2.3 Dodging
 + Level 0.1 Stealth


You had 6 spell levels left.
You didn't know any spells.

Dungeon Overview and Level Annotations

Branches:
Dungeon (4/15)
 Temple: D:4-7

Altars:
Elyvilon
Gozag
Hepliaklqana
Nemelex Xobeh
Okawaru
Ru
Sif Muna


Message History

The water moccasin bites you.
* * * LOW HITPOINT WARNING * * *
You are lethally poisoned!
The water moccasin poisons you!
You closely miss the water moccasin.
The water moccasin is heavily wounded.
* * * LOW HITPOINT WARNING * * *
You feel sick. The water moccasin bites you.
* * * LOW HITPOINT WARNING * * *
You are more poisoned.
The water moccasin poisons you!
It was a potion of flight.
You feel very buoyant.
You fly up into the air.
* * * LOW HITPOINT WARNING * * *
You feel very sick. The water moccasin bites you.
* * * LOW HITPOINT WARNING * * *
The water moccasin bites you.
You die...

#.### #.... #.###
#.# #.# ##### #.#
#...# #.#
#####.#.######.###
#@[.#.#...).......
#S###.###..#.#.###
##.##.##.#.#.#.# #
##.....##.#.#.###
##...###.#.#..##
##.....####.##..#
##.##.##.#......#.
#.###.###..#.#####
### #.#....#.# #


You could see a water moccasin.

Vanquished Creatures
  The ghost of Robby the Magician, an amateur TeWz (D:3)
  An orc priest (D:3)
  3 orc wizards
  Terence (D:2)
  6 adders
  An adder skeleton (D:4)
  2 worms
  4 dart slugs
  2 leopard geckos
  6 orcs
  3 ball pythons
  6 giant cockroaches
  5 goblins
  8 hobgoblins
  8 jackals
  A quokka (D:2)
  10 bats
  7 frilled lizards
  6 kobolds
  13 rats
94 creatures vanquished.

Notes
Turn   | Place    | Note
-------+----------+-------------------------------------------
     0 | D:1      | b5mith the Human Berserker began the quest for the Orb.
     0 | D:1      | Reached XP level 1. HP: 18/18 MP: 1/1
    63 | D:1      | Reached XP level 2. HP: 23/24 MP: 2/2
   609 | D:1      | Reached XP level 3. HP: 29/29 MP: 3/3
   761 | D:1      | Reached ** piety under Trog
  1241 | D:2      | Reached skill level 1 in Throwing
  1294 | D:2      | Reached XP level 4. HP: 28/35 MP: 4/4
  1396 | D:2      | Found an iron altar of Okawaru.
  1396 | D:2      | Noticed Terence
  1413 | D:2      | Killed Terence
  1413 | D:2      | Reached skill level 4 in Polearms
  1511 | D:2      | Reached XP level 5. HP: 41/41 MP: 5/5
  1661 | D:2      | Found an opulent altar of Gozag.
  1662 | D:2      | Found a sparkling altar of Nemelex Xobeh.
  1691 | D:2      | Found a deep blue altar of Sif Muna.
  2091 | D:3      | Noticed Robby's ghost (amateur TeWz)
  2241 | D:3      | Found a sacrificial altar of Ru.
  2549 | D:3      | Found a hazy altar of Hepliaklqana.
  2602 | D:3      | Found a white marble altar of Elyvilon.
  2696 | D:3      | Killed Robby's ghost
  2696 | D:3      | Reached XP level 6. HP: 39/48 MP: 6/6
  2950 | D:3      | Reached *** piety under Trog
  3137 | D:4      | Noticed a water moccasin
  3230 | D:4      | Reached skill level 5 in Polearms
  3328 | D:3      | Reached XP level 7. HP: 35/53 MP: 7/7
  3435 | D:3      | HP: 2/54 [water moccasin (3)]
  3435 | D:3      | Slain by a water moccasin

Vault maps used:
D:1:      onia_arrival_handbag, minmay_statues_item, patterned_corridor
D:2:      okawaru_trees_1, lemuel_blue_sif_altar,
          grunt_temple_overflow_opulence, uniq_terence
D:3:      marbit_many_paths, elyvilon_altar_5, overflow_temple_1_default,
          hex_intersection
D:4:      grunt_dithmenos_smoke, serial_shops, nicolae_shop_waterfront,
          kennysheep_minor_cross

Skill      XL: |  1  2  3  4  5  6  7 |
---------------+----------------------+-----
Throwing       | 1 2 3 |  3.0
Polearms       | 4 5 |  5.4
Armour         | 3 |  3.0
Fighting       | 4 |  4.1
Dodging        | |  2.3
Stealth        | |  0.1

Action                   |  1- 3 |  4- 6 |  7- 9 || total
-------------------------+-------+-------+-------++-------
Melee: Spear             |   132 |   263 |    41 ||   436
Throw: Stone             |    43 |   101 |    11 ||   155
  Use: Scroll            |     1 |     5 |       ||     6
       Potion            |       |     1 |     1 ||     2
  Eat: Ration            |     1 |     2 |       ||     3
Armor: Animal skin       |    21 |       |       ||    21
       Plate armour      |    48 |   117 |    32 ||   197
Dodge: Dodged            |    64 |    55 |     9 ||   128

Table legend:
 A = Spawn XP
 B = Non-spawn XP
 C = Spawn XP percentage of total XP
 D = Spawn monster count
 E = Non-spawn monster count
 F = Spawn count percentage of total count
 G = Total turns spent on level
                    A         B        C        D         E        F      G
               +---------+---------+-------+---------+---------+-------+---------
         Total |       0 |     579 |   0.0 |       0 |      94 |   0.0 |  3435
               +---------+---------+-------+---------+---------+-------+---------
           D:1 |       0 |      48 |   0.0 |       0 |      33 |   0.0 |  1133
           D:2 |       0 |     126 |   0.0 |       0 |      23 |   0.0 |   822
           D:3 |       0 |     313 |   0.0 |       0 |      32 |   0.0 |  1249
           D:4 |       0 |      92 |   0.0 |       0 |       6 |   0.0 |   231
               +---------+---------+-------+---------+---------+-------+---------
